[Event "Late-Titled-Tuesday-Blitz-January-16-2024"]
[Site "Chess.com"]
[Date "2024.01.16"]
[Round "9"]
[White "AmanteDeMoi"]
[Black "enriquetejedor"]
[Result "0-1"]
[WhiteElo "2584"]
[BlackElo "2761"]
[TimeControl "180+1"]
[EndTime "15:45:21 PST"]
[Termination "enriquetejedor won on time"]

1. Nf3 g5 2. Nxg5 e5 3. Nf3 Nc6 4. e4 d6 5. d4 exd4 6. Nxd4 Bg7 7. Bb5 Bd7 8. Bxc6 bxc6 9. Nc3 Ne7 10. Be3 c5 11. Nde2 Rb8 12. Rb1 O-O 13. Qd2 Ng6 14. Bh6 Qh4 15. Bxg7 Kxg7 16. O-O Rg8 17. f4 Kh8 18.
Nd5 Rg7 19. Qc3 Rg8 20. Nf6 Bb5 21. Ng3 Bxf1 22. Rxf1 Nxf4 23. Nxg8 Qxg3 24. hxg3 Ne2+ 25. Kf2 Nxc3 26. bxc3 Rxg8 27. Rb1 Re8 28. Kf3 c6 29. Rb7 d5 30. exd5 cxd5 31. Rxa7 Kg7 32. a4 Re4 33. a5 Rc4 34. Ke2 Rxc3 0-1

[Event "Late-Titled-Tuesday-Blitz-January-16-2024"]
[Site "Chess.com"]
[Date "2024.01.16"]
[Round "9"]
[White "Quattroporte300"]
[Black "HajiyevKanan"]
[Result "0-1"]
[WhiteElo "2413"]
[BlackElo "2561"]
[TimeControl "180+1"]
[EndTime "15:45:22 PST"]
[Termination "HajiyevKanan won on time"]

1. d4 d5 2. Nf3 c5 3. dxc5 e6 4. g3 Bxc5 5. Bg2 Nf6 6. O-O O-O 7. c4 dxc4 8. Qxd8 Rxd8 9. Nbd2 c3 10. bxc3 Nc6 11.
Nb3 Bb6 12. c4 Bd7 13. Bb2 Rac8 14. Rfd1 Be8 15. Rac1 Nb4 16. a3 Na6 17. Rxd8 Rxd8 18.
Ne5 Ba4 19. Bxb7 Bxb3 20. Bxa6 Rd2 21. Bc3 Ra2 22. Bb4 Bd4 23. Nd3 Ne4 24. e3 Bb6 25. c5 Bc7 26. c6 Bc2 27. Bc4 Bxd3 28. Bxa2 f5 29. Bb1 Bb5 30. Rd1 Bb6 31. Bxe4 fxe4 32. Rd6 Kf7 33. Rd7+ Kf6 34. Be7+ Ke5 35. Bd6+ Kd5 36.
Bb8+ Kxc6 37. Rxg7 a5 38. Rxh7 Bc5 39. Rc7+ Kd5 40.
Ba7 Bxa3 41. h4 Bd6 42. Rc1 a4 43. h5 Be5 44. Bd4 Bxd4 45. exd4 e3 46. fxe3 Bd3 0-1

[Event "Late-Titled-Tuesday-Blitz-January-16-2024"]
[Site "Chess.com"]
[Date "2024.01.16"]
[Round "9"]
[White "aceontheturn"]
[Black "ninguno46"]
[Result "1-0"]
[WhiteElo "2759"]
[BlackElo "2574"]
[TimeControl "180+1"]
[EndTime "15:45:28 PST"]
[Termination "aceontheturn won on time"]

1. e4 c5 2. Nc3 e6 3. f4 Ne7 4. Nf3 a6 5. d4 cxd4 6. Qxd4 Nec6 7. Qf2 d6 8. Be3 Nd7 9. O-O-O b5 10. Qg3 Rb8 11.
f5 Nde5 12. Nxe5 Nxe5 13. Bd4 f6 14. Be2 Nf7 15. fxe6 Bxe6 16. Bg4 Bxg4 17. Qxg4 Qd7 18. Qh5 g6 19. Qf3 Bg7 20. Nd5 Ne5 21. Qxf6 Rf8 22. Qh4 h6 23. Rhf1 g5 24. Qh5+ Rf7 25. Rf5 Kf8 26. Rdf1 Rxf5 27. Rxf5+ Kg8 28. Bxe5 1-0

[Event "Late-Titled-Tuesday-Blitz-January-16-2024"]
[Site "Chess.com"]
[Date "2024.01.16"]
[Round "9"]
[White "Championnn-9"]
[Black "KNVB"]
[Result "1-0"]
[WhiteElo "2562"]
[BlackElo "2697"]
[TimeControl "180+1"]
[EndTime "15:45:29 PST"]
[Termination "Championnn-9 won on time"]

1. Nf3 d5 2. d4 Bf5 3. c4 e6 4. e3 c6 5. Be2 Nd7 6. O-O Bd6 7. Nc3 h6 8. Bd3 Bxd3 9. Qxd3 Ngf6 10. Rb1 O-O 11. b4 a6 12. a4 Re8 13. cxd5 exd5 14. b5 cxb5 15. axb5 a5 16. Na4 Nb6 17. Nc5 Qe7 18. Bb2 Ne4 19. Rbc1 Rac8 20. g3 Nc4 21. Ba1 b6 22. Na4 Qf6 23. Kg2 h5 24. h4 g6 25. Ne5 Nxe5 26. dxe5 Bxe5 27. Rxc8 Rxc8 28. Bxe5 Qxe5 29. Nxb6 Rd8 30. Na4 1-0

[Event "Late-Titled-Tuesday-Blitz-January-16-2024"]
[Site "Chess.com"]
[Date "2024.01.16"]
[Round "9"]
[White "ural58"]
[Black "SEBAZZANO"]
[Result "0-1"]
[WhiteElo "2410"]
[BlackElo "2231"]
[TimeControl "180+1"]
[EndTime "15:45:29 PST"]
[Termination "SEBAZZANO won on time"]

1. e4 e6 2. d4 d5 3. Nc3 dxe4 4. Nxe4 Bd7 5. Nf3 Bc6 6. Bd3 Bxe4 7. Bxe4 c6 8. c3 Nf6 9. Bc2 Bd6 10. Qe2 Nbd7 11.
Bg5 Qc7 12. h3 Bf4 13. Bxf4 Qxf4 14. g3 Qc7 15. O-O-O O-O-O 16. Rhe1 Rhe8 17. Ne5 Nxe5 18. Qxe5 Qxe5 19. Rxe5 Rd5 20. f4 Nd7 21. Re3 Rd6 22.
Bxh7 g6 23. h4 Rh8 24. Bxg6 fxg6 25. Rde1 Nf8 26. Kc2 Rh7 27. Kd3 c5 28. Re4 cxd4 29.
Rxd4 Rhd7 30. Rxd6 Rxd6+ 31. Ke3 Kd7 32. g4 Ke7 33. Rh1 Ra6 34. a3 Kf6 35. h5 gxh5 36. Rxh5 Rb6 37. b4 Ra6 0-1

[Event "Late-Titled-Tuesday-Blitz-January-16-2024"]
[Site "Chess.com"]
[Date "2024.01.16"]
[Round "9"]
[White "Yaacovn"]
[Black "GHANDEEVAM2003"]
[Result "0-1"]
[WhiteElo "2914"]
[BlackElo "3023"]
[TimeControl "180+1"]
[EndTime "15:45:34 PST"]
[Termination "GHANDEEVAM2003 won by resignation"]

1. d4 e6 2. e3 c5 3. c3 Nc6 4. f4 Nf6 5. Nf3 b6 6. Bd3 Bb7 7. O-O Rc8 8. Nbd2 Be7 9. a3 O-O 10. e4 cxd4 11. cxd4 Qc7 12. e5 Nd5 13. Ne4 f5 14. exf6 Nxf6 15. Qe2 Na5 16. Bd2 Nb3 17. Rae1 Nxe4 18. Bxe4 Bxe4 19. Qxe4 Qc2 20. Bc3 Qxe4 21. Rxe4 Bxa3 22. Ne5 Rxc3 23. bxc3 Nd2 24. Ree1 Nxf1 25. Rxf1 Bb2 26. Nxd7 Rd8 27. Ne5 Bxc3 28. Nc6 Rd7 29.
Rd1 b5 30. Kf2 Rc7 31. Nd8 a5 32. Nxe6 Rd7 33. Ke3 a4 34. Nc5 Rd8 35. d5 a3 36.
d6 Bb4 37. Nb7 Rd7 38. Rd5 a2 39. Rd1 Rxb7 0-1

[Event "Late-Titled-Tuesday-Blitz-January-16-2024"]
[Site "Chess.com"]
[Date "2024.01.16"]
[Round "9"]
[White "krzyzan94"]
[Black "jefferyx"]
[Result "0-1"]
[WhiteElo "2843"]
[BlackElo "3005"]
[TimeControl "180+1"]
[EndTime "15:45:34 PST"]
[Termination "jefferyx won on time"]

1. e4 c5 2. Nf3 d6 3. d4 cxd4 4. Nxd4 Nf6 5. Nc3 a6 6. Be2 e5 7.
Nb3 Be7 8. O-O O-O 9. Qd3 a5 10.
a4 Na6 11. Nd5 Nxd5 12. exd5 f5 13. f4 e4 14. Qd1 Bf6 15. Kh1 Bd7 16. c3 Qe8 17. Nd4 Nc5 18. Nb5 Qe7 19. Be3 Rac8 20. Ra3 Kh8 21. Qd2 Rfe8 22. b4 Nd3 23. bxa5 h6 24.
Nd4 Qf7 25. Bxd3 exd3 26. Qxd3 Qxd5 27. Bg1 Bc6 28. Qg3 Qc4 29. Nxc6 Qxf1 30. Nd4 Bxd4 31. cxd4 Rc1 32. Qf2 Qxf2 0-1

[Event "Late-Titled-Tuesday-Blitz-January-16-2024"]
[Site "Chess.com"]
[Date "2024.01.16"]
[Round "9"]
[White "xakevicius91"]
[Black "ChessBrainiacOnTwitch"]
[Result "0-1"]
[WhiteElo "2543"]
[BlackElo "2789"]
[TimeControl "180+1"]
[EndTime "15:45:34 PST"]
[Termination "ChessBrainiacOnTwitch won by checkmate"]

1. e4 c5 2. Nf3 d6 3. Bb5+ Nd7 4. a4 Nf6 5. Nc3 g6 6. O-O Bg7 7. Re1 O-O 8. a5 a6 9. Bf1 Qc7 10. d4 cxd4 11. Nxd4 Nc5 12. f3 b5 13. axb6 Qxb6 14. Be3 Qxb2 15. Qd2 Qb6 16. Nb3 Nxb3 17. cxb3 Qb7 18.
Bc4 Be6 19. Bxe6 fxe6 20. Ne2 e5 21. Rec1 Rfc8 22. Rab1 Rab8 23. h3 Rxc1+ 24. Rxc1 Qxb3 25. Rc7 Rb7 26. Rc8+ Kf7 27. Nc3 Qb2 28. Qe1 Rb3 29. Kh2 Qc2 30. Rc7 Rb2 31. Qg3 Qd3 32. Bg5 Rc2 33.
Bxf6 Bxf6 34. Nd5 Rxc7 35. Nxc7 a5 36. Qg4 Qc4 37. Qd7 Bg5 38. Qe8+ Kg7 39. Nd5 a4 40. Nb6 Bf4+ 41. g3 Qe2+ 42. Kg1 Qe3+ 43. Kg2 Qe2+ 44. Kg1 Be3+ 45. Kh1 Qf1+ 46. Kh2 Qg1# 0-1

[Event "Late-Titled-Tuesday-Blitz-January-16-2024"]
[Site "Chess.com"]
[Date "2024.01.16"]
[Round "9"]
[White "Too_Stupid_To_Play"]
[Black "Navyblue1"]
[Result "1-0"]
[WhiteElo "2307"]
[BlackElo "2173"]
[TimeControl "180+1"]
[EndTime "15:45:35 PST"]
[Termination "Too_Stupid_To_Play won by resignation"]

1. b4 Nf6 2. Bb2 g6 3. Bxf6 exf6 4. a3 Bg7 5. d4 f5 6. e3 d5 7. g3 O-O 8. h4 h5 9. Bd3 Nd7 10. Ne2 Nf6 11. Nd2 Ne4 12. Nf4 Re8 13. Nf3 Be6 14. O-O Rc8 15. Qe2 c6 16. Rfc1 b6 17. c4 dxc4 18. Bxc4 Bxc4 19. Rxc4 c5 20. bxc5 bxc5 21.
Rac1 Qa5 22. Qa2 Kh7 23. Nd3 Bf8 24. Nfe5 Kg7 25. Nxf7 Qb6 26. Nfe5 Qe6 27. Qc2 Bd6 28. Nf4 Qe7 29. Nexg6 Qf6 30. Nxh5+ 1-0

[Event "Late-Titled-Tuesday-Blitz-January-16-2024"]
[Site "Chess.com"]
[Date "2024.01.16"]
[Round "9"]
[White "jinxy2009"]
[Black "Aguiar94"]
[Result "0-1"]
[WhiteElo "2233"]
[BlackElo "2493"]
[TimeControl "180+1"]
[EndTime "15:45:38 PST"]
[Termination "Aguiar94 won on time"]

1. e4 c5 2. Nf3 e6 3. d4 cxd4 4. Nxd4 Nc6 5. Nc3 Qc7 6. Be3 a6 7. g4 Nge7 8. h4 Nxd4 9. Bxd4 Nc6 10. Be3 b5 11. Qd2 Be7 12. O-O-O O-O 13. g5 Rd8 14. h5 Bb7 15. g6 Bf6 16. h6 fxg6 17. hxg7 Bxg7 18. Bh6 Bh8 19. Nd5 Qe5 20. c3 exd5 21. f4 Qe7 22. Qxd5+ Qf7 23. Qd6 Rac8 24. e5 Ne7 25. Rg1 Nf5 26. e6 Nxd6 27. exf7+ Nxf7 28. Bg5 Nxg5 29. Rxg5 Bf6 0-1

[Event "Late-Titled-Tuesday-Blitz-January-16-2024"]
[Site "Chess.com"]
[Date "2024.01.16"]
[Round "9"]
[White "Atousa"]
[Black "DraningWaterHi"]
[Result "1-0"]
[WhiteElo "2468"]
[BlackElo "2243"]
[TimeControl "180+1"]
[EndTime "15:45:39 PST"]
[Termination "Atousa won by checkmate"]

1. d4 Nf6 2. Bf4 d5 3. e3 c5 4. c3 e6 5. Nf3 Bd6 6. Bg3 Qc7 7. Bd3 Nbd7 8. Nbd2 e5 9. dxe5 Nxe5 10.
Nxe5 Bxe5 11. Bxe5 Qxe5 12. Nf3 Qc7 13. Bb5+ Bd7 14.
Bxd7+ Qxd7 15. Ne5 Qe6 16. Qa4+ Nd7 17. Nd3 O-O 18.
O-O a6 19. Rad1 b5 20. Qc2 Nb8 21. Nxc5 Qb6 22. Rxd5 Rc8 23. Qf5 Nc6 24. Rd7 Rf8 25. b4 a5 26. Rb7 Qd8 27. Nd7 Re8 28. Qxb5 Re6 29. Nc5 Rh6 30. a3 axb4 31. axb4 Qh4 32. h3 Rf8 33. Nd7 Rd8 34. Ne5 Nxe5 35. Qxe5 Re6 36.
Qf4 Qh5 37. b5 h6 38. b6 Rf6 39. Qg4 Qd5 40. Qd4 Qxb7 41. Qxd8+ Kh7 42. Rb1 Rg6 43. g3 Qf3 44. Qd2 Qe4 45. Rb2 Qb7 46. c4 Rxb6 47. Qd3+ g6 48. Rxb6 Qxb6 49. h4 h5 50. Kh2 Qb2 51.
Kg2 Kh6 52. Qd4 Qb8 53. Qf4+ Qxf4 54. gxf4 Kg7 55. Kf3 Kf8 56. Ke4 Ke7 57. Kd5 Kf6 58. c5 Kf5 59. c6 Kg4 60. c7 Kxh4 61. c8=Q f5 62. Qe6 Kg4 63. Qxg6+ Kh4 64. Qh6 Kh3 65. Ke5 Kg4 66. Kf6 h4 67. Qg6+ Kf3 68. Qxf5 Kg2 69.
Qg4+ Kf1 70. Qxh4 Kg1 71. f5 Kg2 72. Ke5 Kf1 73. f6 Kg1 74. f7 Kg2 75. f8=Q Kf1 76. Qg7 Ke2 77. f4 Kf1 78. Qgg3 Ke2 79. Qf2+ Kd3 80.
Qh7+ Kc3 81. Qfc2+ Kb4 82. Qb7+ Ka5 83. Qa2# 1-0

[Event "Late-Titled-Tuesday-Blitz-January-16-2024"]
[Site "Chess.com"]
[Date "2024.01.16"]
[Round "9"]
[White "secretsuperstar7"]
[Black "crazy_but_lazy"]
[Result "0-1"]
[WhiteElo "2500"]
[BlackElo "2595"]
[TimeControl "180+1"]
[EndTime "15:45:44 PST"]
[Termination "crazy_but_lazy won by resignation"]

1. c4 e5 2. Nc3 Bb4 3. Nd5 Be7 4. Nf3 d6 5. g3 Nf6 6. Nxf6+ Bxf6 7. d3 O-O 8. Bg2 Nc6 9. O-O Bg4 10. Rb1 Qd7 11. b4 Bh3 12. b5 Ne7 13. a4 Bxg2 14. Kxg2 g6 15. Ba3 Bg7 16. Qc2 Rad8 17. c5 d5 18. c6 bxc6 19. bxc6 Qe6 20. Qc5 Rfe8 21. Qxa7 h6 22. Qxc7 e4 23. dxe4 dxe4 24. Ne1 Nxc6 25. Rb6 Rc8 26. Qb7 Qc4 27. Kg1 Nd4 28. Ng2 Nxe2+ 29.
Kh1 Nxg3+ 30. hxg3 Qxf1+ 31. Kh2 Qxf2 32. Qd7 e3 33.
Rb7 Rcd8 34. Qc6 e2 35. Bb4 e1=Q 36. Bxe1 Rxe1 37. Qc7 Rd2 38. Qc6 Ree2 39. Rb8+ Kh7 40. Kh3 Qxg2+ 41. Qxg2 Rxg2 0-1

[Event "Late-Titled-Tuesday-Blitz-January-16-2024"]
[Site "Chess.com"]
[Date "2024.01.16"]
[Round "9"]
[White "MKlose11"]
[Black "momotaro77"]
[Result "1/2-1/2"]
[WhiteElo "2644"]
[BlackElo "2488"]
[TimeControl "180+1"]
[EndTime "15:45:45 PST"]
[Termination "Game drawn by stalemate"]

1. e4 e5 2. Nf3 Nc6 3. d4 exd4 4. Bc4 Nf6 5. O-O Nxe4 6. Re1 d5 7. Bxd5 Qxd5 8. Nc3 Qh5 9. Nxe4 Be6 10. Bg5 Bd6 11. Nxd6+ cxd6 12. Bf4 Qd5 13. c3 O-O 14. Nxd4 Nxd4 15.
Qxd4 Qxd4 16. cxd4 d5 17. Rac1 Rac8 18. Bc7 Rfe8 19. f3 Bd7 20. Rxe8+ Bxe8 21. Kf2 f6 22.
Re1 Bb5 23. Re7 Re8 24. Rxe8+ Bxe8 25. Ke3 Kf7 26. Kd3 Ke6 27. Kc3 Bb5 28. Bb8 a6 29. Kb4 Bf1 30. g3 Be2 31. Kc5 Bxf3 32. Kb6 Kf5 33.
Kxb7 Be2 34. Kc6 Ke4 35. Kc5 g5 36. b4 f5 37. a4 f4 38. gxf4 gxf4 39. b5 axb5 40.
axb5 h5 41. h4 f3 42. Bg3 Bxb5 43. Kxb5 Kxd4 44. Bf2+ Kd3 45. Kc5 Ke2 46. Bd4 f2 47.
Bxf2 Kxf2 48. Kxd5 Kf3 49. Ke5 Kg4 50. Ke4 Kxh4 51. Kf4 Kh3 52. Kf3 Kh4 53. Kf4 Kh3 54. Kf3 Kh4 55. Kf2 Kh3 56. Kg1 Kh4 57. Kh1 Kh3 58.
Kg1 Kg3 59. Kh1 h4 60. Kg1 h3 61. Kh1 h2 1/2-1/2

[Event "Late-Titled-Tuesday-Blitz-January-16-2024"]
[Site "Chess.com"]
[Date "2024.01.16"]
[Round "9"]
[White "scandalgod"]
[Black "KorolDimitriy75"]
[Result "1-0"]
[WhiteElo "2527"]
[BlackElo "2368"]
[TimeControl "180+1"]
[EndTime "15:45:46 PST"]
[Termination "scandalgod won on time"]

1. d4 Nf6 2. c4 c5 3. d5 b5 4. cxb5 a6 5. e3 axb5 6. Bxb5 Qa5+ 7. Nc3 Bb7 8. Bd2 Qb6 9. Nf3 Nxd5 10. a4 e6 11. O-O Nb4 12. Ne5 Be7 13. e4 O-O 14. Qg4 d5 15. exd5 exd5 16. Rad1 d4 17. Ne2 Ba6 18.
Bxb4 Bxb5 19. axb5 cxb4 20. Nxd4 Bf6 21. Nc4 Qc5 22.
Nf5 Kh8 23. Rd6 Rg8 24. Rfd1 Qxb5 25. Rxf6 gxf6 26. Qxg8+ Kxg8 27. Rd8+ 1-0

[Event "Late-Titled-Tuesday-Blitz-January-16-2024"]
[Site "Chess.com"]
[Date "2024.01.16"]
[Round "9"]
[White "campochess"]
[Black "finec2"]
[Result "1-0"]
[WhiteElo "2137"]
[BlackElo "2244"]
[TimeControl "180+1"]
[EndTime "15:45:47 PST"]
[Termination "campochess won by checkmate"]

1. d4 Nf6 2. Bg5 g6 3. Bxf6 exf6 4. c4 Bg7 5. Nc3 O-O 6. g3 d6 7. Bg2 Nd7 8. e3 f5 9. Nge2 Nf6 10. O-O Re8 11.
a4 Ne4 12. a5 a6 13. Qc2 Qe7 14. b4 c6 15. Na4 Rb8 16. Nb6 Bd7 17. Ra3 Rbd8 18.
Nf4 g5 19. Nd3 h5 20. c5 d5 21. Nxd7 Rxd7 22. Ne1 Qe6 23. Nf3 Bh6 24. Nd2 f6 25.
Bf3 g4 26. Bd1 Bg5 27. Qd3 Rh7 28. f4 gxf3 29. Rxf3 h4 30. Nf1 hxg3 31. Nxg3 Nxg3 32. Rxg3 Kf7 33. Bc2 Reh8 34. Rg2 f4 35. Qg6+ Ke7 36. e4 f3 37. Rxf3 Rh6 38. Qf5 dxe4 39. Bxe4 Qxf5 40.
Rxf5 Rh4 41. Re2 Kf8 42. d5 cxd5 43. Rxd5 Kg7 44. Rd7+ Kh6 45. Rxb7 Re8 46. Rh7# 1-0

[Event "Late-Titled-Tuesday-Blitz-January-16-2024"]
[Site "Chess.com"]
[Date "2024.01.16"]
[Round "9"]
[White "Viktor_Poddubnyi"]
[Black "KSho99"]
[Result "0-1"]
[WhiteElo "2247"]
[BlackElo "2163"]
[TimeControl "180+1"]
[EndTime "15:45:49 PST"]
[Termination "KSho99 won by checkmate"]

1. e4 c6 2. d4 d5 3. exd5 cxd5 4. c4 Nf6 5. Nc3 Nc6 6. Bg5 dxc4 7. Bxc4 h6 8. Be3 e6 9. Nf3 Bd6 10. O-O O-O 11. a3 b6 12. Qd3 Bb7 13. Rad1 Ne7 14.
Qe2 Rc8 15. Ba2 Bxa3 16. bxa3 Rxc3 17. Ne5 Rxa3 18. Qb2 Ra5 19. Rfe1 Ned5 20. Bd2 Ra6 21. Bc4 b5 22. Qxb5 Rb6 23. Qa4 Qb8 24. Ra1 a6 25. Ra2 Rc8 26. Ba5 Rd6 27. Rb1 Qa8 28. Rab2 Bc6 29. Qa3 Nf4 30. Qxd6 Bb5 31. Bxb5 Qxg2# 0-1

[Event "Late-Titled-Tuesday-Blitz-January-16-2024"]
[Site "Chess.com"]
[Date "2024.01.16"]
[Round "9"]
[White "cassoulet"]
[Black "Nf3c5"]
[Result "1-0"]
[WhiteElo "2763"]
[BlackElo "2562"]
[TimeControl "180+1"]
[EndTime "15:45:59 PST"]
[Termination "cassoulet won on time"]

1. d4 Nf6 2. Bg5 e6 3. e4 h6 4. Bxf6 Qxf6 5. Nc3 d6 6. Nf3 g6 7. Bd3 Bg7 8. e5 Qe7 9. Qe2 Nd7 10. O-O-O a6 11. h4 dxe5 12. dxe5 Nc5 13. Ne4 Bd7 14. Qe3 Nxd3+ 15. Rxd3 Bb5 16. Rd2 Bc6 17. h5 g5 18. g4 Rd8 19. Rxd8+ Qxd8 20. Rd1 Qe7 21. Nd4 Bd5 22. Nd2 O-O 23. c4 Bc6 24. Nxc6 bxc6 25.
a3 Rb8 26. Kc2 f6 27. Ne4 fxe5 28. b4 a5 29. Qc5 Qf7 30. Rd3 axb4 31. axb4 Ra8 32. f3 Bf8 33. Qxc6 Rb8 34. b5 Qe7 35. Rd7 1-0

[Event "Late-Titled-Tuesday-Blitz-January-16-2024"]
[Site "Chess.com"]
[Date "2024.01.16"]
[Round "9"]
[White "PNEPaul"]
[Black "agvega14"]
[Result "0-1"]
[WhiteElo "1908"]
[BlackElo "2136"]
[TimeControl "180+1"]
[EndTime "15:46:00 PST"]
[Termination "agvega14 won on time"]

1. e4 c5 2. Nf3 a6 3. d4 cxd4 4. c3 d5 5. exd5 Nf6 6. cxd4 Nxd5 7. Be2 Nc6 8. O-O g6 9. Nc3 Bg7 10. Nxd5 Qxd5 11. Be3 O-O 12. Qd2 Bg4 13. h3 Bf5 14.
Rfd1 Rfd8 15. Rac1 Be4 16. Bc4 Qa5 17. Qxa5 Nxa5 18.
Bxf7+ Kxf7 19. Ng5+ Ke8 20. Nxe4 Nc6 21. Nc5 Bxd4 22. Ne6 Bxe3 23. Nc7+ Kf7 24. fxe3 Rxd1+ 25. Rxd1 Rc8 26. Rf1+ Kg7 27. Ne6+ Kg8 28. Nd4 Ne5 29. Rf2 Rc1+ 30. Kh2 Re1 31. Ne6 Nf7 32. Rf3 Re2 0-1

[Event "Late-Titled-Tuesday-Blitz-January-16-2024"]
[Site "Chess.com"]
[Date "2024.01.16"]
[Round "9"]
[White "Zkid"]
[Black "NikolaGry"]
[Result "1-0"]
[WhiteElo "2920"]
[BlackElo "2747"]
[TimeControl "180+1"]
[EndTime "15:46:03 PST"]
[Termination "Zkid won by resignation"]

1. e4 d5 2. exd5 Nf6 3. Bb5+ Bd7 4. Bc4 Bg4 5. f3 Bc8 6. Nc3 Nbd7 7. d4 Nb6 8. Bb3 g6 9. Nge2 Bg7 10. Nf4 g5 11.
Nd3 h6 12. h4 Nfxd5 13. Ne5 gxh4 14. Rxh4 Be6 15. Ne4 c6 16. Nc5 Bc8 17. Qe2 e6 18. g3 Bf6 19. Rxh6 Rxh6 20. Bxh6 Nd7 21. Ncxd7 Bxd7 22. f4 Qe7 23. c4 Nb6 24. c5 Nd5 25. O-O-O O-O-O 26. g4 Kc7 27. g5 Bh8 28. Bxd5 exd5 29. Qd3 Qe6 30. Nxd7 Rxd7 31. f5 Qe4 32. Qxe4 dxe4 33.
f6 Kd8 34. Bg7 1-0

[Event "Late-Titled-Tuesday-Blitz-January-16-2024"]
[Site "Chess.com"]
[Date "2024.01.16"]
[Round "9"]
[White "chika-lily"]
[Black "Fh2411"]
[Result "1-0"]
[WhiteElo "2767"]
[BlackElo "2613"]
[TimeControl "180+1"]
[EndTime "15:46:03 PST"]
[Termination "chika-lily won by resignation"]

1. d4 d5 2. Bf4 Nf6 3. e3 c5 4. Nf3 cxd4 5. exd4 Nc6 6. Nbd2 Bg4 7. c3 e6 8. Qb3 Qc8 9. Ne5 Be7 10. f3 Bh5 11. g4 Bg6 12. h4 h5 13. Nxg6 fxg6 14. g5 Nd7 15. Bh3 Nf8 16. Kf2 Kf7 17. Rae1 Nd8 18. c4 Qc6 19. cxd5 exd5 20. Rc1 Qb6 21. Qxd5+ Nfe6 22.
Nc4 Qxd4+ 23. Qxd4 Nxd4 24. Ne5+ Kg8 25. Nxg6 N8c6 26. Rhe1 Bb4 27. Re4 Kh7 28. Nxh8 Kxh8 29. a3 Ba5 30. Rd1 Bb6 31. Be3 Rf8 32. Bxd4 Nxd4 33.
Rdxd4 1-0

[Event "Late-Titled-Tuesday-Blitz-January-16-2024"]
[Site "Chess.com"]
[Date "2024.01.16"]
[Round "9"]
[White "Arteler"]
[Black "jk13"]
[Result "1-0"]
[WhiteElo "2489"]
[BlackElo "2666"]
[TimeControl "180+1"]
[EndTime "15:46:08 PST"]
[Termination "Arteler won by resignation"]

1. e4 e5 2. Nf3 Nc6 3. Bb5 a6 4.
Ba4 Nf6 5. O-O b5 6. Bb3 Bc5 7. c3 d6 8. d4 Bb6 9. dxe5 dxe5 10. Qe2 h6 11. Rd1 Qe7 12. h3 O-O 13. Nbd2 Nh5 14.
Nf1 Rb8 15. Bd5 Nd8 16. Be3 Ne6 17. Bxb6 Nef4 18. Qe3 Rxb6 19. Ng3 Rg6 20. Kh2 Qf6 21. a4 Kh8 22. axb5 axb5 23. Ra8 Kh7 24. Rg1 Rd8 25. Nf5 Be6 26. Rxd8 Qxd8 27. N3h4 Rf6 28. g4 g6 29. gxh5 gxf5 30. Bxe6 fxe6 31. exf5 exf5 32.
Qxe5 Qd6 33. Qxd6 Rxd6 34. Nxf5 Rd7 35. Re1 Nxh5 36. Re7+ Rxe7 37. Nxe7 Nf4 38. Kg3 Nd3 39.
b4 Kg7 40. Nd5 c6 41. Ne7 Ne5 42. Kf4 Kf6 43. Ng8+ Ke6 44. Nxh6 Nd3+ 45. Ke3 Ne5 46. Ng4 Nc4+ 47. Kd4 Nd6 48. Ne3 Nb7 49. h4 Nd6 50.
h5 Nf7 51. Kc5 Ne5 52. h6 Kd7 53. h7 Nf7 54. Ng4 Ke6 55. Kxc6 Kf5 56. Nh6+ 1-0

[Event "Late-Titled-Tuesday-Blitz-January-16-2024"]
[Site "Chess.com"]
[Date "2024.01.16"]
[Round "9"]
[White "EsmeraldasAnderson03"]
[Black "Statham_01"]
[Result "1-0"]
[WhiteElo "2414"]
[BlackElo "2519"]
[TimeControl "180+1"]
[EndTime "15:46:09 PST"]
[Termination "EsmeraldasAnderson03 won by checkmate"]

1. d4 a5 2. c4 e5 3. dxe5 Nc6 4. Nf3 a4 5. Nc3 d6 6. exd6 Bxd6 7. Nb5 Nf6 8.
Nxd6+ cxd6 9. g3 a3 10. Bg2 Be6 11. b3 O-O 12. O-O d5 13. cxd5 Nxd5 14. e4 Ndb4 15. Qe2 Nd4 16. Nxd4 Qxd4 17. Be3 Qb2 18. Qxb2 axb2 19.
Rab1 Rxa2 20. Bc5 Nc2 21. Rfd1 Bxb3 22. Bf1 Rc8 23. Rd3 h5 24. Rxb3 Rxc5 25. Rxb7 Nd4 26.
R7xb2 Ra3 27. Kg2 Kh7 28. Rb7 Kg6 29. R1b6+ f6 30. Rd7 Nc2 31. Rbb7 Ra2 32. Rxg7+ Kh6 33. Rh7+ Kg5 34. Rbg7# 1-0

[Event "Late-Titled-Tuesday-Blitz-January-16-2024"]
[Site "Chess.com"]
[Date "2024.01.16"]
[Round "9"]
[White "th3d4rkness"]
[Black "dasatcu90"]
[Result "1-0"]
[WhiteElo "2131"]
[BlackElo "2245"]
[TimeControl "180+1"]
[EndTime "15:46:11 PST"]
[Termination "th3d4rkness won on time"]

1. d4 Nf6 2. c4 e6 3. Nc3 Bb4 4. Qb3 Nc6 5. Nf3 Qe7 6. a3 Bxc3+ 7. Qxc3 d6 8. e3 e5 9. d5 e4 10. dxc6 exf3 11. gxf3 bxc6 12. Bd3 c5 13. Rg1 Bb7 14. e4 g6 15. Bg5 O-O 16. Bxf6 Qe6 17. O-O-O Bc6 18.
Bg5 Rab8 19. Qf6 Qxf6 20. Bxf6 Rb7 21. h4 Rfb8 22. h5 Kf8 23. hxg6 hxg6 24. Rh1 Ke8 25.
Rh8+ Kd7 26. Rdh1 Ke6 27. Bc3 Ba4 28. Rxb8 Rxb8 29. Rh8 Rxh8 30. Bxh8 f6 31. Bg7 Kf7 32. Bh6 g5 33. f4 Kg6 34. fxg5 fxg5 35. Bf8 Kf7 36.
Bh6 Kg6 37. Bxg5 Kxg5 38. Kd2 Kf4 39. Ke2 a5 40. Kd2 Bc6 41. e5 Kxe5 42. Ke3 Be8 43.
f4+ Kf6 44. Be4 Bf7 45. b3 a4 46. bxa4 Bxc4 47. a5 d5 48. Bc2 d4+ 49. Kf3 1-0

[Event "Late-Titled-Tuesday-Blitz-January-16-2024"]
[Site "Chess.com"]
[Date "2024.01.16"]
[Round "9"]
[White "Jarrahi2452"]
[Black "LikeWater"]
[Result "0-1"]
[WhiteElo "2626"]
[BlackElo "2799"]
[TimeControl "180+1"]
[EndTime "15:46:12 PST"]
[Termination "LikeWater won by resignation"]

1. d4 e6 2. Bf4 f5 3. Nf3 Nf6 4. e3 g6 5. c3 Bg7 6. h3 O-O 7.
Nbd2 d6 8. Bc4 Nc6 9. O-O Qe7 10.
a4 Kh8 11. a5 e5 12. dxe5 dxe5 13. Bh2 e4 14. Nd4 Ne5 15. b4 c5 16. Nc2 Rd8 17.
Bxe5 Qxe5 18. bxc5 Qxc3 19. Nd4 Nh5 20. Qc1 Bxd4 21.
exd4 Qxd4 22. Nb3 Qe5 23. Qg5 Be6 24. Rac1 Nf4 25. Rfe1 Bxc4 26. Rxc4 Rd3 27. Nc1 Rxh3 28. c6 bxc6 29. Rxc6 Rf8 30. g3 Ne6 31. Qd2 f4 32. Rc4 fxg3 33. f4 Qh5 34. Qg2 Nxf4 35. Qxe4 g2 36.
Qd4+ Kg8 37. Qxf4 Rh1+ 38. Kf2 Rxf4+ 39. Rxf4 Rxe1 0-1

[Event "Late-Titled-Tuesday-Blitz-January-16-2024"]
[Site "Chess.com"]
[Date "2024.01.16"]
[Round "9"]
[White "brm72"]
[Black "j_coca"]
[Result "0-1"]
[WhiteElo "2678"]
[BlackElo "2536"]
[TimeControl "180+1"]
[EndTime "15:46:12 PST"]
[Termination "j_coca won by resignation"]

1. e4 g6 2. d4 Bg7 3. Nc3 d6 4. Be3 Nc6 5. Qd2 e5 6. d5 Nce7 7. f3 f5 8. h4 Nf6 9. Bh6 O-O 10.
h5 Nxh5 11. exf5 Nxf5 12. Bxg7 Nhxg7 13. O-O-O Ng3 14. Rh2 h5 15. Bd3 Bf5 16. Nge2 Nxe2+ 17. Nxe2 Bxd3 18. cxd3 Qf6 19. Kc2 c6 20. dxc6 bxc6 21. g4 Qxf3 22. gxh5 Nxh5 23. Rg1 Kf7 24. Nc3 Nf4 25.
Rh7+ Ke6 26. Ne4 Rf5 27. Ng5+ Rxg5 28. Rxg5 Kf6 29. Rg1 Rg8 30. Re1 Nd5 31. d4 e4 32.
Qh2 Qd3+ 33. Kc1 Qxd4 34. Qxd6+ Kg5 35. Qg3+ Kf5 36. Rf1+ Ke6 37. Rd1 Qe3+ 38. Qxe3 Nxe3 39. Re1 Nd5 40. Rxe4+ Kf5 41. Rc4 g5 42. Rxc6 g4 43. Rc5 Ke4 44. Rh4 Kd4 45. Rc6 Nf4 46. Rc2 Ke4 47. Rf2 Nd3+ 48. Kd2 Nxf2 49. Ke2 Nd3 50. b3 Nf4+ 51. Kf2 Kf5 52. Kg3 Ne2+ 53. Kf2 Nf4 54.
Rh7 g3+ 55. Kf3 Ne6 56. Rf7+ Ke5 57. Kg2 Nf4+ 58. Kf3 g2 59. Re7+ Ne6 0-1